 Dungeon Crawl Stone Soup version 0.31-a0-844-gdc52ec4 (webtiles) character file.

Game seed: 3280636209783147636

532 BarneyGumball the Conjurer (level 7, 40/46 HPs)
             Began as a Demonspawn Conjurer on Sept 29, 2023.
             Quit the game on level 4 of the Dungeon.
             The game lasted 00:13:24 (4429 turns).

BarneyGumball the Conjurer (Demonspawn Conjurer)    Turns: 4429, Time: 00:13:24

Health: 40/46      AC:  5    Str:  7    XL:     7   Next: 4%
Magic:  2/10       EV: 12    Int: 22    God:
Gold:   147        SH:  0    Dex: 11    Spells: 2/10 levels left

rFire   . . .        c - +0 dagger
rCold   . . .        (no shield)
rNeg    . . .        a - +0 robe
rPois   .            p - +1 hat
rElec   .            (no cloak)
rCorr   .            (no gloves)
SInv    .            (no boots)
Will    .....        (no amulet)
Stlth   ++           n - ring of wizardry
HPRegen 0.27/turn    (no ring)
MPRegen 0.12/turn

%: wizardry (x1)
@: no status effects
A: horns 1, icy blue scales 1, demonic guardian 1, spiny 1
a: no special abilities


You were on level 4 of the Dungeon.
You visited 1 branch of the dungeon, and saw 4 of its levels.

You collected 167 gold pieces.
You spent 20 gold pieces at shops.

Inventory:

Hand Weapons
 c - a +0 dagger (weapon)
Missiles
 s - 2 boomerangs (quivered)
Armour
 a - a +0 robe (worn)
 p - a +1 hat (worn)
Magical Staves
 g - a staff of earth
Jewellery
 n - a ring of wizardry (left hand)
Wands
 o - a wand of mindburst (3)
Scrolls
 d - a scroll of vulnerability {unknown}
 f - a scroll of revelation {unknown}
 h - 2 scrolls of fog
 i - a scroll of amnesia {unknown}
 j - a scroll of enchant weapon {unknown}
 k - a scroll of poison {unknown}
 m - a scroll of silence {unknown}
 q - 3 scrolls of teleportation
Potions
 b - a potion of magic
 e - a potion of haste
 l - a potion of cancellation {unknown}
 r - a potion of brilliance {unknown}


   Skills:
 - Level 1.7 Dodging
 - Level 1.7 Stealth
 - Level 2.0 Spellcasting
 + Level 6.6 Conjurations
 + Level 4.6 Translocations


You had 2 spell levels left.
You knew the following spells:

 Your Spells              Type           Power      Damage    Failure   Level
a - Magic Dart            Conj           100%       1d8       1%          1
b - Searing Ray           Conj           62%        2d6       1%          2
c - Summon Small Mammal   Summ           8%         N/A       6%          1
d - Iskenderun's Mystic   Conj/Tloc      26%        2d7       6%          4

Your spell library contained the following spells:

 Spells                   Type           Power      Damage    Failure   Level
 Apportation              Tloc           44%        N/A       1%          1
 Necrotise                Necr           8%         1d4       6%          1
 Dazzling Flash           Conj/Hex       32%        N/A       4%          3
 Fulminant Prism          Conj/Hex       8%         3d7       14%         4


Dungeon Overview and Level Annotations

Branches:
Dungeon (4/15)
 Temple: D:4-7

Altars:
Xom

Shops:
D:1 [*?

Annotations:
D:2 Sigmund
D:4 Dowan, Duvessa


Innate Abilities, Weirdness & Mutations

You have a pair of small horns on your head.
You are partially covered in icy blue scales. (AC +2)
A weak demonic guardian rushes to your aid.
You are partially covered in sharp spines.


Message History

A black bear is nearby!
Casting: Magic Dart (safe; 1% risk of failure)
Confirm with . or Enter, or press ? or * to list all spells.
Okay, then.
Casting: Magic Dart (safe; 1% risk of failure)
Confirm with . or Enter, or press ? or * to list all spells.
Aiming: Magic Dart (safe; 1% risk of failure)
Press: ? - help, Shift-Dir - straight line, f - black bear
Aim: a black bear (wandering, hasn't noticed you, 100% to hit)
The magic dart hits the black bear.
The black bear is moderately wounded.
The black bear growls angrily.
Casting: Magic Dart (safe; 1% risk of failure)
Confirm with . or Enter, or press ? or * to list all spells.
Aiming: Magic Dart (safe; 1% risk of failure)
Press: ? - help, Shift-Dir - straight line, f/p - black bear
Aim: a black bear (moderately wounded, 100% to hit)
The magic dart hits the black bear but does no damage.
The black bear is moderately wounded.
Casting: Magic Dart (safe; 1% risk of failure)
Confirm with . or Enter, or press ? or * to list all spells.
Aiming: Searing Ray (safe; 1% risk of failure)
Press: ? - help, Shift-Dir - straight line, f/p - black bear
Aim: a black bear (lightly wounded, 85% to hit)
The searing ray hits the black bear!
The black bear is heavily wounded. (Press . to maintain the ray.)
The searing ray hits the black bear.
The black bear is severely wounded.
The searing ray hits the black bear.
The black bear is severely wounded.
The black bear bites you. The black bear misses you.
The black bear barely misses you.
The searing ray hits the black bear!
You kill the black bear!
You finish channelling your searing ray.
You have reached level 7!
Your demonic ancestry asserts itself...
You feel the presence of a demonic guardian.
Are you sure you want to abandon this character and quit the game? (Confirm with "yes".)

######### #.......# #.......#
#.......#########
#.......#.......#
#.......#.......# #
####....##.......#
#...##.....).##.......########
'...''.).....@†.......>.......
#...##.....)##..........######
# ##......##..........#
.........##..........#
..........###........##
...........# ########[#
...........#### #.#
..............# #.#
##.........# ###'######


There were no monsters in sight!

Vanquished Creatures
  A black bear (D:4)
  An ice beast (D:4)
  A phantom (D:4)
  Jessica (D:2)
  Natasha (thrice) (D:4)
  Robin (D:1)
  6 adders
  A worm (D:1)
  9 orcs
  6 endoplasms
  A giant cockroach (D:4)
  16 goblins
  7 hobgoblins
  4 jackals (D:3)
  5 kobolds
  2 quokkas (D:1)
  9 ball pythons
  9 bats
  3 frilled lizards
  6 rats
92 creatures vanquished.

Notes
Turn   | Place    | Note
-------+----------+-------------------------------------------
     0 | D:1      | BarneyGumball the Demonspawn Conjurer began the quest for
                  | the Orb.
     0 | D:1      | Reached XP level 1. HP: 13/13 MP: 3/3
    92 | D:1      | Found Fiunen's Assorted Antiques.
   191 | D:1      | Reached skill level 1 in Translocations
   191 | D:1      | Gained mutation: You are partially covered in sharp spines.
                  | [demonic ancestry]
   191 | D:1      | Reached XP level 2. HP: 19/19 MP: 1/5
   194 | D:1      | Learned a level 2 spell: Searing Ray
   282 | D:1      | Found Tebesy's Antique Armour Boutique.
   556 | D:1      | Found Ymnis's Magic Scroll Emporium.
   562 | D:1      | Bought a scroll of identify for 20 gold pieces
  1045 | D:2      | Identified the +3 leather armour of Lethargy {rN+ Str+6
                  | Int-3 Dex-4}
  1171 | D:2      | Reached XP level 3. HP: 22/24 MP: 0/6
  1233 | D:2      | Noticed Sigmund
  1308 | D:2      | Noticed Robin
  1425 | D:1      | Killed Robin
  1526 | D:2      | Noticed Jessica
  1534 | D:2      | Killed Jessica
  1535 | D:2      | Reached XP level 4. HP: 30/30 MP: 2/7
  1620 | D:2      | Reached skill level 5 in Conjurations
  1991 | D:2      | Learned a level 1 spell: Summon Small Mammal
  2349 | D:2      | Found a shimmering altar of Xom.
  2855 | D:3      | Gained mutation: You are partially covered in icy blue
                  | scales. (AC +2) [demonic ancestry]
  2855 | D:3      | Reached XP level 5. HP: 35/35 MP: 1/8
  3420 | D:4      | Learned a level 4 spell: Iskenderun's Mystic Blast
  3476 | D:4      | Noticed a black bear
  3709 | D:4      | Noticed a phantom
  3716 | D:4      | Killed a phantom
  3839 | D:4      | Noticed Duvessa
  3839 | D:4      | Noticed Dowan
  3839 | D:4      | Noticed an ice beast
  3978 | D:4      | Noticed Natasha
  3990 | D:4      | Killed Natasha
  3991 | D:4      | Gained mutation: You have a pair of small horns on your
                  | head. [demonic ancestry]
  3991 | D:4      | Reached XP level 6. HP: 32/41 MP: 1/9
  4140 | D:4      | Noticed Natasha
  4145 | D:4      | Killed Natasha
  4146 | D:4      | Reached skill level 6 in Conjurations
  4196 | D:4      | Noticed Natasha
  4200 | D:4      | Killed Natasha
  4319 | D:4      | Killed an ice beast
  4429 | D:4      | Gained mutation: A weak demonic guardian rushes to your
                  | aid. [demonic ancestry]
  4429 | D:4      | Reached XP level 7. HP: 40/46 MP: 2/10
  4429 | D:4      | Quit the game

Illustrated notes

Levels and vault maps discovered:
D:1:      dpeg_arrival_round_c, layout_basic, serial_shops, shop,
          nicolae_shop_behind_doors, nicolae_square_shop
D:2:      layout_loops_ring, basic_altar, kennysheep_cross_bottleneck,
          feat_on_display, uniq_jessica, uniq_robin, uniq_sigmund
D:3:      layout_basic
D:4:      layout_basic, lemuel_mausoleum_altar_yredelemnul, st_stairs_5,
          uniq_duvessa, uniq_natasha

Skill      XL: |  1  2  3  4  5  6 |
---------------+-------------------+-----
Translocations | 1 2 3 4 |  4.6
Conjurations   | 5 6 |  6.6
Dodging        | |  1.7
Stealth        | |  1.7
Spellcasting   | |  2.0

Action                     |  1- 3 |  4- 6 |  7- 9 || total
---------------------------+-------+-------+-------++-------
  Melee: Unarmed           |     7 |       |       ||     7
         Dagger            |     2 |    23 |       ||    25
         Punch             |       |     2 |       ||     2
  Throw: Boomerang         |       |     1 |       ||     1
   Cast: Magic Dart        |    46 |    81 |       ||   127
         Searing Ray       |     7 |    15 |       ||    22
    Use: Scroll            |     1 |     2 |       ||     3
 Armour: Robe              |     7 |    31 |       ||    38
  Dodge: Dodged            |     6 |    23 |       ||    29

Table legend: (Time is in decaauts)
 A = Elapsed time spent in this place.
 B = Non-inter-level travel time spent in this place.
 C = Inter-level travel time spent in this place.
 D = Time resting spent in this place.
 E = Time spent auto-exploring this place.
 F = Levels seen in this place.
 G = Mean time per level.
                   A        B        C        D        E       F      G
               +--------+--------+--------+--------+--------+-----+--------+
         Total |   4436 |   4091 |    345 |    418 |   2927 |   4 | 1109.0 |
       Dungeon |   4436 |   4091 |    345 |    418 |   2927 |   4 | 1109.0 |
               +--------+--------+--------+--------+--------+-----+--------+

Top non-repeatable levels by time:
     D:1: 1420 daAuts
     D:2: 1134 daAuts
     D:3: 1004 daAuts
     D:4: 876 daAuts
